Map: Port Aleksander LE

Players

Krayze

  • Race: Zerg Zerg
  • Spawn Location: 5:00

Katfish - Winner!

  • Race: Protoss Protoss
  • League: Diamond
  • Spawn Location: 11:00

VOD

Have the link to the VOD?

Description

Time

  • Played on: April 20, 2019, 3:06 p.m.
  • Length: 11:48
Show
View Real Time Build Order
Export as new Build Order

Krayze Zerg 

Build Orders: Hatch First 

Get SALT Encoding   

  12  0:00  Drone  
  13  0:13  Overlord  
  13  0:18  Drone  
  14  0:32  Drone x2  
  16  0:51  Hatchery  
  16  0:55  Drone  
  16  0:58  Drone  
  16  1:01  Drone  
  18  1:10  Drone  
  19  1:12  Extractor  
  18  1:21  Spawning Pool  
  17  1:26  Drone  
  17  1:30  Drone  
  19  1:39  Drone  
  20  1:52  Extractor  
  19  2:08  Queen, Drone  
  19  2:10  Drone  
  19  2:12  Zergling x2  
  24  2:22  Roach Warren  
  23  2:26  Drone x4  
  27  2:42  Hatchery  
  24  2:51  Overlord  
  24  3:02  Roach x2  
  28  3:13  Overlord  
  28  3:15  Roach  
  30  3:48  Spine Crawler  
  29  3:49  Spine Crawler  
  29  3:51  Spine Crawler  
  27  3:56  Roach  
  27  3:57  Queen  
  31  4:07  Roach  
  33  4:15  Roach x3  
  39  4:20  Roach  
  33  4:52  Roach x3  
  39  4:53  Roach x2, Drone  
  40  5:02  Ravager  
  40  5:03  Ravager  
  40  5:04  Ravager  
  26  5:36  Roach x2  
  26  5:37  Roach x4  
  26  5:42  Ravager  
  39  5:59  Roach x2  
  43  6:12  Queen  
  43  6:27  Overlord x2  
  41  6:33  Ravager  
  41  6:38  Roach  
  40  6:55  Roach x5  
  50  7:09  Ravager x2  
  50  7:10  Ravager x3  
  45  7:44  Roach x3  
  46  7:45  Queen  
  46  7:58  Roach  
  46  8:03  Roach x4  
  54  8:27  Overlord x2  
  50  8:37  Roach  
  46  8:54  Roach x2  
  48  9:14  Roach x2  
  52  9:28  Roach  
  52  9:40  Hatchery  
  51  9:51  Lair  
  47  9:56  Roach x3  
  53  10:06  Roach x3  
  59  10:18  Ravager x4  
  57  10:48  Roach x5  
  55  11:02  Roach x3  
  55  11:20  Ravager  
  55  11:23  Roach x2  
  55  11:24  Roach  
Show
View Real Time Build Order
Export as new Build Order

Katfish Protoss - Winner!

Build Orders:  

Get SALT Encoding   

  1  0:00  Probe  
  12  0:06  Probe  
  14  0:18  Pylon  
  14  0:22  Probe  
  15  0:36  Probe  
  15  0:40  Forge  
  16  0:54  Pylon  
  16  1:05  Probe  
  17  1:15  Gateway  
  17  1:16  Photon Cannon  
  17  1:18  Probe  
  18  1:25  Assimilator  
  18  1:30  Probe  
  19  1:35  Assimilator  
  19  1:46  Photon Cannon  
  19  1:48  Probe  
  20  2:06  Probe  
  21  2:08  Cybernetics Core  
  21  2:14  Probe  
  21  2:16  Pylon  
  22  2:23  Probe  
  23  2:37  Probe  
  23  2:42  Warp Gate  
  24  2:47  Robotics Facility  
  24  2:49  Shield Battery  
  24  3:05  Probe, Pylon  
  25  3:08  Stalker  
  27  3:17  Probe  
  28  3:25  Photon Cannon  
  28  3:34  Shield Battery  
  28  3:39  Immortal  
  32  3:58  Photon Cannon  
  32  4:02  Probe  
  33  4:07  Shield Battery  
  33  4:15  Shield Battery  
  33  4:33  Immortal  
  37  4:47  Shield Battery  
  37  4:58  Stalker  
  39  5:04  Shield Battery  
  39  5:10  Immortal  
  41  5:23  Stalker  
  39  5:45  Gateway  
  39  5:47  Stalker  
  41  5:51  Shield Battery  
  41  5:56  Probe  
  40  6:01  Immortal  
  36  6:11  Stalker  
  36  6:15  Probe  
  39  6:34  Probe  
  39  6:38  Immortal  
  44  6:50  Nexus  
  44  6:55  Stalker  
  44  6:56  Probe  
  47  7:12  Pylon  
  47  7:19  Shield Battery  
  47  7:30  Probe  
  47  7:36  Immortal  
  40  7:38  Stalker  
  40  7:39  Stalker  
  41  7:56  Probe, Pylon  
  42  7:58  Gateway  
  42  8:04  Stalker  
  44  8:06  Sentry  
  44  8:07  Probe  
  45  8:21  Warp Prism  
  43  8:36  Photon Cannon  
  43  8:38  Stalker, Shield Battery  
  45  8:51  Stalker  
  37  8:57  Immortal  
  37  9:00  Stalker  
  37  9:05  Robotics Facility  
  37  9:09  Stalker  
  43  9:16  Stalker  
  43  9:21  Pylon  
  43  9:23  Immortal  
  41  9:32  Stalker  
  45  9:41  Shield Battery  
  45  9:46  Probe x2  
  47  9:55  Stalker x2  
  47  9:59  Probe x2  
  53  10:04  Immortal  
  53  10:05  Stalker  
  59  10:28  Probe  
  59  10:29  Probe  
  61  10:36  Stalker x2  
  61  10:38  Stalker  
  61  10:40  Probe  
  68  10:46  Immortal  
  70  11:07  Pylon  
  70  11:09  Pylon  
  70  11:17  Stalker x2  
  70  11:18  Stalker  
Tags
 
Add a new tag
Caveats
  • Supply blocks, unpowered buildings, or Contaminate may cause inaccurate times.
  • Supply counts are checked every 10 seconds.